 Dungeon Crawl Stone Soup version 0.31-a0-1074-g0b22e4e0f1 (webtiles) character file.

Game seed: 17897115459823258395

143372 niangp the Executioner (level 16, 0/159 HPs)
             Began as a Minotaur Berserker on Dec 8, 2023.
             Was a High Priest of Trog.
             Slain by a +4 bardiche of freezing (24 damage)
             ... on level 2 of the Elven Halls.
             The game lasted 00:54:45 (27421 turns).

niangp the Executioner (Minotaur Berserker)        Turns: 27421, Time: 00:54:45

Health: 0/159      AC: 39    Str: 28    XL:     16   Next: 82%
Magic:  15/15      EV: 12    Int:  2    God:    Trog [*****.]
Gold:   2427       SH: 17    Dex: 10    Spells: 15/15 levels left

rFire   + + +        c - +12 broad axe "Qerpha" {freeze, Fragile rF+++ Int-4 SInv}
rCold   + + .        H - +2 tower shield
rNeg    . . .        I - +5 crystal plate armour {rC+}
rPois   .            (helmet restricted)
rElec   +            G - scarf {shadows}
rCorr   .            n - +0 pair of gloves
SInv    +            a - +1 pair of boots {Stlth+}
Will    ++...        M - amulet of the acrobat Stlth
                     Q - +5 ring of evasion
HPRegen 0.46/turn    d - ring of Ehaujom {rElec rC+ Will+ AC+4}
MPRegen 0.14/turn

%: acrobat
@: no status effects
A: horns 2, retaliatory headbutt
a: Renounce Religion, Berserk, Trog's Hand, Brothers in Arms


You were on level 2 of the Elven Halls.
You worshipped Trog.
Trog was extremely pleased with you.
You visited 4 branches of the dungeon, and saw 24 of its levels.
You also visited: Sewer and Ice Cave.

You collected 3214 gold pieces.
You spent 787 gold pieces at shops.

Inventory:

Hand Weapons
 c - the +12 broad axe "Qerpha" (weapon) {freeze, Fragile rF+++ Int-4 SInv}
   (You acquired it on level 2 of the Elven Halls)

   Int-4:     It affects your intelligence (-4).
   rF+++:     It renders you almost immune to fire.
   SInv:      It lets you see invisible.
   Fragile:   It will be destroyed if unequipped.
 E - a +4 broad axe of flaming
Missiles
 q - 8 throwing nets
Armour
 a - a +1 pair of boots of stealth (worn)
 n - a +0 pair of gloves (worn)
 G - a scarf of shadows (worn)
 H - a +2 tower shield (worn)
 I - a +5 crystal plate armour of cold resistance (worn)
Jewellery
 d - the ring of Ehaujom (right hand) {rElec rC+ Will+ AC+4}
   (You acquired it in a sewer)

   [ring of protection]

   AC+4:      It affects your AC (+4).
   rC+:       It protects you from cold.
   rElec:     It insulates you from electricity.
   Will+:     It increases your willpower.
 i - a ring of see invisible
 k - a ring of magical power
 C - a +6 ring of intelligence
 M - an amulet of the acrobat (around neck)
 Q - a +5 ring of evasion (left hand)
Wands
 p - a wand of flame (25)
 x - a wand of polymorph (9)
 z - a wand of paralysis (37)
 D - a wand of digging (7)
 F - a wand of iceblast (19)
 L - a wand of mindburst (16)
 N - a wand of quicksilver (15)
Scrolls
 e - 7 scrolls of identify
 f - 4 scrolls of fog
 g - a scroll of summoning
 l - a scroll of silence
 o - 6 scrolls of teleportation
 t - 4 scrolls of immolation
 u - a scroll of vulnerability
 w - 2 scrolls of enchant weapon
 y - a scroll of blinking
 O - 3 scrolls of revelation
 S - a scroll of fear
Potions
 b - 2 potions of invisibility
 j - 11 potions of curing
 m - 5 potions of attraction
 r - 4 potions of lignification
 s - a potion of berserk rage
 v - 2 potions of haste
 A - 2 potions of mutation {unknown}
 B - 2 potions of might {unknown}
 K - 2 potions of cancellation {unknown}
 P - 3 potions of enlightenment {unknown}
Miscellaneous
 h - a phial of floods
 J - a phantom mirror


   Skills:
 + Level 18.6 Fighting
 + Level 8.0 Short Blades
 + Level 21.0 Axes
 + Level 18.4 Armour
 + Level 6.2 Dodging
 + Level 2.3 Stealth
 + Level 11.1 Shields
 + Level 0.6 Evocations


You had 15 spell levels left.
You didn't know any spells.
Your spell library was empty.

Dungeon Overview and Level Annotations

Branches:
Dungeon (15/15)            Temple (0/1) D:4            Lair (5/5) D:9
 Shoals (0/4) Lair:3       Spider (0/4) Lair:2        Slime (0/5) Lair:5
    Orc (2/2) D:11            Elf (2/3) Orc:2        Vaults (0/5) D:13
 Depths (0/4) D:15          Sewer (visited)           IceCv (visited)

Altars:
Ashenzari
Fedhas
Kikubaaqudgha
Makhleb
Nemelex Xobeh
Sif Muna
Vehumet
Wu Jian

Shops:
D:9 *   D:12 !   Orc:2 ?([*:

Annotations:
D:12 5 runed translucent doors


Innate Abilities, Weirdness & Mutations

You have a pair of horns on your head.
You reflexively headbutt those who attack you in melee.


Message History

Saint Roka is almost dead.
You slash the orc! You freeze the orc.
You kill the orc!
Trog accepts your kill.
You block the +4 bardiche of freezing's attack.
Saint Roka mumbles some strange prayers to Beogh against you.
Beogh smites you!
Unknown command.
Unknown command.
You barely miss Saint Roka.
Saint Roka is almost dead.
You miss the +3 dire flail of holy wrath.
You block the +3 dire flail of holy wrath's attack.
Saint Roka hits you with a +2 vampiric battleaxe!
* * * LOW HITPOINT WARNING * * *
The +4 bardiche of freezing hits you from afar.
* * * LOW HITPOINT WARNING * * *
The +3 dire flail of holy wrath hits you!!
* * * LOW HITPOINT WARNING * * *
Unknown command.
Unknown command.
Unknown command.
You slash Saint Roka! You freeze Saint Roka.
You kill Saint Roka!
Trog accepts your kill.
You slash the +3 dire flail of holy wrath!
You block the +3 dire flail of holy wrath's attack.
Your Shields skill increases to level 11!
Unknown command.
Unknown command.
Unknown command.
You barely miss the +1 scimitar of protection.
You headbutt the +1 scimitar of protection, but do no damage.
You slash the +3 dire flail of holy wrath!
The +1 scimitar of protection misses you.
You furiously retaliate!
You headbutt the +1 scimitar of protection!
The +3 dire flail of holy wrath hits you but does no damage.
The +4 bardiche of freezing hits you from afar!!
You die...

### ### ### ####
#.####.####.####..###
...##...##...##.....#
.................)..## ##
..)............#@(...###########.
..#)..........###(e..##..........
)###.........## #(.####.###.###.
## ##........# ..# #.## ##.##.
.###..........# ..##.# ##.#.
..#...........# .###.# #.#.
............. # #.# ##.##
............ #.## ##.###
........##. ##.###.....


You could see a deep elf knight and 3 dancing weapons.

Vanquished Creatures
  Saint Roka (Elf:2)
  A sphinx (D:15)
  Frances (D:13)
  Roxanne (Elf:1)
  A frost giant (IceCv)
  Louise (D:14)
  An orc warlord (Orc:2)
  Nessos (D:13)
  A stone giant (D:15)
  Azrael (Orc:2)
  A deep elf demonologist (Elf:2)
  Josephine (Orc:2)
  2 fire dragons (Lair:5)
  A great orb of eyes (D:14)
  Harold (D:9)
  Fannar (D:10)
  8 hydras
  An ogre mage (D:15)
  2 centaur warriors (D:13)
  26 dancing weapons
  3 boulder beetles
  4 death yaks (IceCv)
  3 tengu warriors
  6 two-headed ogres
  3 orc high priests (Orc:2)
  An occultist (D:15)
  9 deep elf knights
  Amaemon (D:8)
  Lodul (D:13)
  2 skeletal warriors (D:14)
  A swamp dragon (Lair:5)
  12 orc knights
  12 deep elf archers
  4 lindwurms
  13 deep elf zephyrmancers
  Pikel (D:4)
  A necromancer (D:15)
  The ghost of Lobster4 the Covert, a novice SpBr of Dithmenos (D:8)
  7 orc sorcerers
  19 deep elf pyromancers
  10 ugly things
  6 cyclopes
  A manticore (D:15)
  2 black mambas
  7 elephants (Lair:5)
  An ice statue (IceCv)
  6 torpor snails
  8 cane toads
  An orange demon (D:8)
  Maggie (D:9)
  3 gargoyles
  An efreet (D:14)
  A freezing wraith (D:15)
  Psyche (D:9)
  4 komodo dragons
  2 tengu conjurers
  5 rime drakes
  12 polar bears
  9 trolls
  7 hornets (Lair:5)
  3 tyrant leeches (Lair:5)
  20 blink frogs
  Grinder (D:6)
  A tarantella (Lair:2)
  Prince Ribbit (D:6)
  An air elemental (Elf:2)
  A jumping spider (Lair:2)
  A water elemental (Elf:1)
  5 slime creatures (D:12)
  10 wyverns
  2 basilisks
  53 yaks
  3 wraiths (Orc:2)
  5 fire elementals
  A steam dragon (D:9)
  Edmund (D:4)
  2 wargs
  A redback simulacrum (D:15)
  5 hell hounds (Orc:2)
  7 acid dragons
  11 water moccasins
  27 orc warriors
  2 swamp drakes (Lair:5)
  3 ice beasts
  The ghost of boiyoioing the Slasher, an amateur GnCA of Ignis (D:3)
  A black bear (Lair:1)
  11 ogres
  22 wolves
  3 boggarts (D:14)
  8 centaurs
  A phantom (D:5)
  6 kobold brigands
  Blork the orc (D:5)
  11 bullfrogs
  A gnoll sergeant (D:11)
  3 earth elementals
  A scorpion (D:4)
  5 wights (D:7)
  6 killer bees (D:9)
  5 electric eels
  9 howler monkeys
  2 vampire bats (D:13)
  A crimson imp (D:9)
  5 hounds
  21 orc priests
  4 jellies
  3 gnoll boudas
  3 sleepcaps
  7 iguanas
  25 orc wizards
  A hell rat (Sewer)
  A polar bear simulacrum (Lair:1)
  16 gnolls
  8 adders
  2 river rats (Sewer)
  2 shadow imps (D:7)
  3 white imps (D:15)
  2 ufetubi (D:5)
  3 worms
  A dart slug (D:1)
  84 orcs
  5 bats
  3 bat skeletons (D:13)
  3 bat zombies (D:13)
  11 endoplasms
  4 giant cockroaches
  4 goblins
  3 hobgoblins
  42 kobolds
  6 quokkas
  5 ball pythons
  5 frilled lizards
  17 rats
810 creatures vanquished.

Vanquished Creatures (collateral kills)
  A boulder beetle (D:14)
  A skeletal warrior (D:14)
  A cyclops (D:14)
  An efreet (D:13)
  A wraith (Orc:2)
  2 yaks (Lair:1)
  6 orc warriors (Orc:2)
  8 orc priests (Orc:2)
  4 orc wizards (Orc:2)
  3 orcs (Orc:2)
28 creatures vanquished.

Vanquished Creatures (others)
  A deep elf knight (Elf:1)
  2 water elementals (Elf:1)
  A fire elemental (Elf:1)
  An orc warrior (Orc:2)
  3 orcs (Orc:2)
8 creatures vanquished.

Grand Total: 846 creatures vanquished

Notes
Turn   | Place    | Note
-------+----------+-------------------------------------------
     0 | D:1      | niangp the Minotaur Berserker began the quest for the Orb.
     0 | D:1      | Reached XP level 1. HP: 19/19 MP: 0/0
   159 | D:1      | Reached skill level 4 in Axes
   159 | D:1      | Reached XP level 2. HP: 18/27 MP: 1/1
   239 | D:1      | Found a faded altar of an unknown god.
   256 | D:1      | Found a faded altar of an unknown god.
  1045 | D:2      | Reached XP level 3. HP: 33/33 MP: 2/2
  1148 | D:2      | Reached ** piety under Trog
  1780 | D:3      | Found a shimmering blue altar of Sif Muna.
  1931 | D:3      | Found a glowing drain.
  1935 | Sewer    | Entered a sewer
  1946 | Sewer    | Reached skill level 5 in Axes
  1946 | Sewer    | Reached XP level 4. HP: 26/40 MP: 3/3
  2200 | Sewer    | Identified a scroll of acquirement
  2200 | Sewer    | Acquired the ring of Ehaujom {rElec rC+ Will+ AC+4}
  2354 | D:3      | Found a runed translucent gate.
  2354 | D:3      | Found a runed translucent gate.
  2354 | D:3      | Found a runed translucent gate.
  2355 | D:3      | Noticed a kobold brigand
  2360 | D:3      | Noticed boiyoioing's ghost (amateur GnCA)
  2671 | D:3      | Killed a kobold brigand
  2672 | D:3      | Reached skill level 6 in Axes
  2672 | D:3      | Reached XP level 5. HP: 37/47 MP: 4/4
  2673 | D:3      | Killed boiyoioing's ghost
  2674 | D:3      | Reached XP level 6. HP: 43/55 MP: 5/5
  2833 | D:4      | Found a staircase to the Ecumenical Temple.
  2885 | D:4      | Reached *** piety under Trog
  2887 | D:4      | Reached skill level 7 in Axes
  2982 | D:4      | Reached skill level 5 in Fighting
  3000 | D:4      | Noticed Edmund
  3021 | D:4      | Killed Edmund
  3022 | D:4      | Reached XP level 7. HP: 20/54 MP: 6/6
  3174 | D:4      | Identified the +5 falchion "Jog Pen" {freeze, rElec}
  3318 | D:4      | Reached skill level 8 in Axes
  3484 | D:4      | Noticed Pikel
  3496 | D:4      | Killed Pikel
  3497 | D:4      | Reached skill level 9 in Axes
  3497 | D:4      | Reached skill level 5 in Armour
  3497 | D:4      | Reached XP level 8. HP: 52/70 MP: 7/7
  3640 | D:5      | Entered Level 5 of the Dungeon
  3673 | D:5      | Reached skill level 10 in Axes
  3689 | D:5      | Noticed Blork the orc
  3701 | D:5      | Killed Blork the orc
  3821 | D:5      | Found a sparkling altar of Nemelex Xobeh.
  4112 | D:5      | Reached skill level 11 in Axes
  4386 | D:6      | Reached XP level 9. HP: 75/79 MP: 8/8
  4537 | D:6      | Noticed Grinder
  4549 | D:6      | Killed Grinder
  4925 | D:6      | Noticed Prince Ribbit
  4939 | D:6      | Killed Prince Ribbit
  5018 | D:6      | Reached skill level 12 in Axes
  5201 | D:7      | Reached **** piety under Trog
  5538 | D:7      | Reached skill level 13 in Axes
  5857 | D:8      | Noticed a two-headed ogre
  5881 | D:8      | Killed a two-headed ogre
  5882 | D:8      | Reached XP level 10. HP: 90/90 MP: 9/9
  6047 | D:8      | Noticed Lobster4's ghost (novice SpBr)
  6049 | D:8      | Found a runed translucent door.
  6095 | D:8      | Noticed Amaemon
  6096 | D:8      | Noticed an orange demon
  6105 | D:8      | Killed an orange demon
  6111 | D:8      | Killed Amaemon
  6162 | D:8      | Killed Lobster4's ghost
  6163 | D:8      | Reached skill level 14 in Axes
  6338 | D:8      | Found a broken altar of Ashenzari.
  6565 | D:9      | Noticed Psyche
  6575 | D:9      | Killed Psyche
  6587 | D:9      | Reached ***** piety under Trog
  6600 | D:9      | Identified the +6 rapier of niangp's Sudden Death {heavy,
                  | rPois rC++}
  6878 | D:9      | Found a staircase to the Lair.
  6904 | D:9      | Noticed Harold
  6920 | D:9      | Killed Harold
  6921 | D:9      | Reached skill level 10 in Fighting
  6975 | D:9      | Noticed a two-headed ogre
  6984 | D:9      | Killed a two-headed ogre
  6985 | D:9      | Reached skill level 5 in Dodging
  6985 | D:9      | Reached XP level 11. HP: 87/100 MP: 10/10
  6987 | D:9      | Noticed Maggie
  7017 | D:9      | Killed Maggie
  7018 | D:9      | Reached skill level 10 in Armour
  7167 | D:9      | Received a gift from Trog
  7168 | D:9      | Reached skill level 15 in Axes
  7442 | D:9      | Found Pahywaenn's Demolitions Depot.
  7463 | D:9      | Bought a scroll of immolation for 60 gold pieces
  7463 | D:9      | Bought a wand of iceblast (5) for 180 gold pieces
  7735 | D:9      | Found a burning altar of Makhleb.
  7736 | D:9      | Found a radiant altar of Vehumet.
  7921 | D:10     | Entered Level 10 of the Dungeon
  8146 | D:10     | Noticed Fannar
  8174 | D:10     | Killed Fannar
  8258 | D:10     | Noticed a two-headed ogre
  8270 | D:10     | Killed a two-headed ogre
  8585 | D:10     | Noticed a cyan ugly thing
  8601 | D:10     | Killed a cyan ugly thing
  9217 | Lair:1   | Entered Level 1 of the Lair of Beasts
  9333 | Lair:1   | Noticed a six-headed hydra
  9343 | Lair:1   | Killed a six-headed hydra
  9344 | Lair:1   | Reached skill level 1 in Stealth
  9385 | Lair:1   | Reached skill level 1 in Short Blades
  9432 | Lair:1   | Found a frozen archway.
  9442 | IceCv    | Entered an ice cave
  9780 | IceCv    | Reached XP level 12. HP: 103/111 MP: 11/11
 10180 | IceCv    | Reached skill level 5 in Short Blades
 10214 | IceCv    | Noticed a death yak
 10234 | IceCv    | Killed a death yak
 10649 | IceCv    | Noticed a death yak
 10650 | IceCv    | Noticed a death yak
 10650 | IceCv    | Noticed a death yak
 10650 | IceCv    | Noticed a frost giant
 10674 | IceCv    | Killed a death yak
 10684 | IceCv    | Killed a death yak
 10695 | IceCv    | Killed a frost giant
 10703 | IceCv    | Killed a death yak
 11817 | Lair:2   | Noticed a four-headed hydra
 11824 | Lair:2   | Killed a four-headed hydra
 11830 | Lair:2   | Reached skill level 16 in Axes
 12040 | Lair:2   | Reached XP level 13. HP: 119/119 MP: 12/12
 12081 | Lair:2   | Identified the +3 chain mail of the Big Bang {Str+5 Stlth+}
 12440 | Lair:2   | Found a hole to the Spider Nest.
 13758 | Lair:3   | Found a staircase to the Shoals.
 14563 | Lair:4   | Reached skill level 17 in Axes
 15362 | Lair:5   | Entered Level 5 of the Lair of Beasts
 15837 | Lair:5   | Noticed a fire dragon
 15848 | Lair:5   | Killed a fire dragon
 15849 | Lair:5   | Reached skill level 15 in Armour
 16124 | Lair:5   | Reached skill level 18 in Axes
 16134 | Lair:5   | Reached XP level 14. HP: 117/133 MP: 13/13
 16174 | Lair:5   | Found a staircase to the Slime Pits.
 16524 | Lair:5   | Found a runed translucent door.
 16658 | Lair:5   | Identified the +4 hand axe "Fomowipn" {heavy, +Blink Will+}
 16738 | Lair:5   | Paralysed by a hornet for 3 turns
 17181 | D:11     | Reached skill level 15 in Fighting
 17284 | D:11     | Found a staircase to the Orcish Mines.
 17903 | D:11     | Received a gift from Trog
 18059 | D:12     | Found a runed translucent door.
 18062 | D:12     | Found a runed translucent gate.
 18064 | D:12     | Found the +9 staff of Olgreb {rPois∞}
 18237 | D:12     | Found Haniedgh's Distillery.
 18244 | D:12     | Bought a potion of heal wounds for 60 gold pieces
 18244 | D:12     | Bought a potion of haste for 120 gold pieces
 18496 | D:12     | Found a runed translucent gate.
 18496 | D:12     | Found a runed translucent gate.
 18505 | D:12     | Found a runed translucent door.
 18598 | D:12     | You fall into a shaft and drop 2 floors!
 18659 | D:14     | Noticed Louise
 18708 | D:14     | Killed Louise
 18709 | D:14     | Reached skill level 19 in Axes
 19204 | D:14     | Reached skill level 1 in Shields
 19264 | D:14     | Found an ornate altar of the Wu Jian Council.
 19763 | D:15     | Entered Level 15 of the Dungeon
 19785 | D:15     | Found a blossoming altar of Fedhas.
 20145 | D:15     | Noticed a sphinx
 20154 | D:15     | Killed a sphinx
 20160 | D:15     | Reached XP level 15. HP: 104/144 MP: 14/14
 20465 | D:15     | Found a staircase to the Depths.
 20746 | D:13     | Noticed Nessos
 20748 | D:13     | Found a gate to the Vaults.
 21044 | D:13     | Killed Nessos
 21316 | D:13     | Noticed Lodul
 21331 | D:13     | Killed Lodul
 21332 | D:13     | Reached skill level 5 in Shields
 21445 | D:13     | Noticed Frances
 21453 | D:13     | Killed Frances
 21977 | D:13     | Found an ancient bone altar of Kikubaaqudgha.
 22243 | Orc:1    | Entered Level 1 of the Orcish Mines
 23193 | Orc:2    | Entered Level 2 of the Orcish Mines
 23193 | Orc:2    | Found Ughacit's Magic Scroll Shop.
 23203 | Orc:2    | Bought a scroll of enchant weapon for 105 gold pieces
 23361 | Orc:2    | Found a staircase to the Elven Halls.
 23382 | Orc:2    | Received a gift from Trog
 23696 | Orc:2    | Noticed Azrael
 23768 | Orc:2    | Noticed Josephine
 23776 | Orc:2    | Found Nelaat's General Store.
 23776 | Orc:2    | Found Qefihil's Book Emporium.
 23808 | Orc:2    | Killed Josephine
 24336 | Orc:2    | Reached skill level 20 in Axes
 24603 | Orc:2    | Killed Azrael
 24873 | Orc:2    | Found Ziuh's Antique Armour Shoppe.
 24873 | Orc:2    | Found Bomous's Antique Weapon Shoppe.
 24878 | Orc:2    | Bought a scroll of enchant weapon for 82 gold pieces
 24888 | Orc:2    | Bought a glowing tower shield for 180 gold pieces
 24989 | Elf:1    | Entered Level 1 of the Elven Halls
 25398 | Elf:1    | Reached XP level 16. HP: 155/155 MP: 15/15
 25507 | Elf:1    | Received a gift from Trog
 25571 | Elf:1    | Noticed Roxanne
 25595 | Elf:1    | Killed Roxanne
 26199 | Elf:2    | Acquired the +12 broad axe "Qerpha" {freeze, Fragile rF+++
                  | Int-4 SInv}
 26298 | Elf:2    | Found a flickering gateway to a bazaar.
 26694 | Elf:2    | Noticed a Brimstone Fiend
 26892 | Elf:2    | Received a gift from Trog
 26893 | Elf:2    | Reached skill level 10 in Shields
 26948 | Elf:2    | Found a huge runed translucent gate.
 26948 | Elf:2    | Found a huge runed translucent gate.
 26948 | Elf:2    | Found a huge runed translucent gate.
 26950 | Elf:2    | Found a huge runed translucent gate.
 26950 | Elf:2    | Found a huge runed translucent gate.
 27373 | Elf:2    | Reached skill level 21 in Axes
 27400 | Elf:2    | Noticed Saint Roka
 27420 | Elf:2    | Killed Saint Roka
 27421 | Elf:2    | Slain by a +4 bardiche of freezing

Illustrated notes

Levels and vault maps discovered:
D:1:      moated_graveyard_arrival, layout_loops_ring,
          hellmonk_ecumenical_altar_the_god_not_taken, serial_bayou_pond_a,
          chequers_serial_rivers_small_a, minmay_misc_feat_alley,
          solitary_fountain
D:2:      layout_basic, guppyfry_early_lair_pool
D:3:      layout_rooms, mainiacjoe_overflow_alcove_2,
          mainiacjoe_sewer_entry_somewhere_in_here_2,
          gammafunk_ghost_nasty_kobolds
D:4:      layout_basic, temple_pool_b, uniq_pikel, uniq_edmund
D:5:      layout_rooms, lemuel_coloured_pillars_altar, grunt_tough_drop,
          uniq_blork_the_orc
D:6:      layout_loops_corners, uniq_grinder, uniq_prince_ribbit1
D:7:      layout_rooms
D:8:      layout_rooms, cheibrodos_ashenzari_chains,
          hellmonk_ghost_happy_afterlife, st_stairs_7, uniq_amaemon
D:9:      layout_basic, grunt_temple_overflow_lords_of_destruction,
          david_lair_shrubbed, minivault_25_ag, nicolae_blasting_shop,
          uniq_harold, uniq_psyche, uniq_maggie
D:10:     layout_loops_cross, chequers_serial_rivers_micro_b,
          minmay_misc_feat_iff, corexii_hall_statues_i, uniq_fannar
D:11:     layout_basic, orc_0_dummy
D:12:     layout_roguey, serial_shops, nicolae_shop_crystal,
          minmay_guarded_unrand_staff_of_olgreb
D:13:     layout_loops_cross, erik_vaults_1, kennysheep_vampire_church,
          uniq_nessos, uniq_frances, uniq_lodul
D:14:     layout_roguey, nicolae_twisting_strands, grunt_decor_arrowhead,
          nzn_wu_jian_contemplation, uniq_louise
D:15:     hangedman_depths_entry_civil_slaughter, layout_gridville,
          fedhas_altar_fruit_tree, serial_ice, serial_ice_l, serial_ice_g,
          serial_ice_a, serial_ice_e, serial_ice_f, serial_ice_c,
          minivault_25_ag
Lair:1:   layout_layer_cave, portal_ice_cave_entry_ice_simulacra, minivault_23,
          serial_bayou_crossing
Lair:2:   layout_regular_city, spider_nest_entry_rubble
Lair:3:   layout_misc_corridors, elwin_shoals_entry_rocks, patterned_corridor,
          grunt_megastairs_1
Lair:4:   layout_regular_city, serial_bayou_shore_b
Lair:5:   wormcave, layout_regular_city, guppyfry_lair_end_dragon,
          nicolae_slime_entry_slimehenge, serial_bayou_lake_a,
          grunt_megastairs_5, lemuel_fruit_fields
Orc:1:    layout_diamond_mine, guppyfry_orc_lava_fort
Orc:2:    st_orc_congregation, layout_caves, serial_shops, shop, uniq_azrael,
          uniq_josephine
Elf:1:    eino_elf_arrival_sip, layout_geoelf_diagonals, minivault_28,
          uniq_roxanne
Elf:2:    elven_hall_of_blades_hangedman_alternative [nicolae_blade_lattice],
          layout_loops_corners, serial_shops, bzr_entry_road, uniq_saint_roka

Skill      XL: |  1  2  3  4  5  6  7  8  9 10 11 12 13 14 15 16 |
---------------+-------------------------------------------------+-----
Axes           | 4 5 6 7 9 11 13 14 15 16 18 19 20 21 | 21.0
Fighting       | 4 5 7 8 10 11 12 14 16 17 18 | 18.6
Armour         | 3 4 5 6 8 9 11 13 15 16 17 18 | 18.4
Dodging        | 3 4 5 6 |  6.2
Stealth        | 1 2 |  2.3
Short Blades   | 3 7 8 |  8.0
Shields        | 2 8 11 | 11.1
Evocations     | |  0.6

Action                     |  1- 3 |  4- 6 |  7- 9 | 10-12 | 13-15 | 16-18 || total
---------------------------+-------+-------+-------+-------+-------+-------++-------
  Melee: Hand axe          |   108 |   106 |   284 |   339 |   344 |       ||  1181
         Headbutt          |    10 |    22 |    63 |   164 |   266 |    48 ||   573
         Punch             |     2 |     1 |     1 |     5 |     3 |       ||    12
         Rapier            |       |       |       |   273 |    14 |       ||   287
         Broad axe         |       |       |       |    59 |   798 |   237 ||  1094
 Invoke: Berserk           |       |     2 |     2 |     8 |     5 |       ||    17
         Trog's Hand       |       |     1 |     2 |     7 |     4 |     1 ||    15
         Brothers in Arms  |       |       |       |     1 |     7 |       ||     8
  Evoke: Wand              |       |       |       |     1 |     3 |       ||     4
    Use: Scroll            |       |     9 |     3 |     4 |    22 |     1 ||    39
         Potion            |       |       |       |     1 |     8 |       ||     9
   Stab: Sleeping          |     1 |       |       |       |       |       ||     1
         Invisible         |       |       |       |       |     5 |       ||     5
 Armour: Animal skin       |    39 |       |       |       |       |       ||    39
         Plate armour      |    21 |    89 |       |       |       |       ||   110
         Chain mail        |       |       |   157 |   567 |       |       ||   724
         Crystal plate arm |       |       |       |   133 |   999 |   119 ||  1251
  Dodge: Dodged            |    60 |    40 |   127 |   405 |   576 |    54 ||  1262
  Block: Tower shield      |       |       |       |       |   413 |   153 ||   566
         Buckler           |       |       |       |       |     5 |       ||     5

Table legend: (Time is in decaauts)
 A = Elapsed time spent in this place.
 B = Non-inter-level travel time spent in this place.
 C = Inter-level travel time spent in this place.
 D = Time resting spent in this place.
 E = Time spent auto-exploring this place.
 F = Levels seen in this place.
 G = Mean time per level.
                   A        B        C        D        E       F      G
               +--------+--------+--------+--------+--------+-----+--------+
         Total |  27422 |  26412 |   1010 |   3491 |  17633 |  26 | 1054.7 |
       Dungeon |  14226 |  13623 |    603 |    951 |  10330 |  15 |  948.4 |
          Lair |   6349 |   6056 |    293 |    604 |   4551 |   5 | 1269.8 |
  Orcish Mines |   2517 |   2454 |     63 |    827 |   1002 |   2 | 1258.5 |
   Elven Halls |   2398 |   2349 |     49 |    278 |   1570 |   2 | 1199.0 |
         Sewer |    289 |    289 |      0 |     79 |    105 |   1 |  289.0 |
      Ice Cave |   1640 |   1640 |      0 |    751 |     74 |   1 | 1640.0 |
               +--------+--------+--------+--------+--------+-----+--------+

Top non-repeatable levels by time:
   Orc:2: 1697 daAuts
   IceCv: 1640 daAuts
  Lair:5: 1606 daAuts
  Lair:3: 1451 daAuts
    D:14: 1438 daAuts
     D:9: 1422 daAuts
    D:10: 1238 daAuts
    D:13: 1208 daAuts
   Elf:2: 1201 daAuts
   Elf:1: 1196 daAuts
    D:11: 1130 daAuts
  Lair:4: 1127 daAuts
  Lair:1: 1083 daAuts
  Lair:2: 1081 daAuts
     D:6: 967 daAuts
